 Dungeon Crawl Stone Soup version 0.31-a0-431-g88bdf31460 (webtiles) character file.

Game seed: 54224805685425702

33625 mopl the Martial Artist (level 13, -5/89 HPs)
             Began as an Octopode Shapeshifter on July 31, 2023.
             Was a Follower of Uskayaw.
             Slain by an orc warrior
             ... wielding a +0 hand axe
              (10 damage)
             ... on level 1 of the Orcish Mines.
             The game lasted 00:23:41 (14657 turns).

mopl the Martial Artist (Octopode Shapeshifter)    Turns: 14657, Time: 00:23:42

Health: -5/89      AC:  1    Str: 14    XL:     13   Next: 72%
Magic:  0/27       EV: 17    Int: 16    God:    Uskayaw [*.....]
Gold:   2266       SH:  0    Dex: 16    Spells: 12/12 levels left

rFire   . .          .
                       - Unarmed
rCold   + . .        F - melded +2 buckler {rN+}
rNeg    + . .        (helmet restricted)
rPois   .            m - amulet of guardian spirit
rElec   .            k - ring of magical power
rCorr   .            u - ring of protection from cold
SInv    .            z - ring "Warot" {Will+ Int+4}
Will    +....        B - ring of positive energy
Stlth   +++++        (no ring)
HPRegen 0.34/turn    (no ring)
MPRegen 0.20/turn    (no ring)
                     (no ring)

%: guardian spirit
@: blade tentacles, studying Unarmed Combat
A: almost no armour, amphibious, 8 rings, camouflage 1, gelatinous body 1,
(nimble swimmer 1), tentacles
a: Begin Untransformation, Renounce Religion, Stomp


You were on level 1 of the Orcish Mines.
You worshipped Uskayaw.
Uskayaw was noncommittal.
You had blades for main tentacles.
You visited 3 branches of the dungeon, and saw 14 of its levels.
You also visited: Ossuary, Bailey and Ice Cave.

You collected 2266 gold pieces.

Inventory:

Hand Weapons
 w - the +2 rapier of Dishonour {venom, rCorr Int+4}
   (You found it in a bailey)

   Int:       It affects your intelligence (+4).
   rCorr:     It protects you from acid and corrosion.
 L - the +7 sling "Tuocosil" {flame, rElec rC+ Int+3 Dex+2}
   (You found it on level 11 of the Dungeon)

   Int:       It affects your intelligence (+3).
   Dex:       It affects your dexterity (+2).
   rC:        It protects you from cold.
   rElec:     It insulates you from electricity.
Missiles
 c - 11 boomerangs (quivered)
 e - 3 curare-tipped darts
 g - 6 datura-tipped darts
 o - 20 poisoned darts
 p - 6 atropa-tipped darts
 O - 5 javelins
Armour
 F - a +2 buckler of positive energy (melded)
 Q - a +0 tower shield of cold resistance
 S - a +2 buckler of cold resistance
Jewellery
 k - a ring of magical power (left blade tentacle)
 m - an amulet of guardian spirit (around mantle)
 u - a ring of protection from cold (right blade tentacle)
 z - the ring "Warot" (on tentacle) {Will+ Int+4}
   (You found it on level 5 of the Dungeon)

   [ring of willpower]

   Int:       It affects your intelligence (+4).
   Will:      It increases your willpower.
 B - a ring of positive energy (on tentacle)
Talismans
 b - a beast talisman
 x - a blade talisman (active)
 G - a serpent talisman
Wands
 E - a wand of iceblast (22)
 M - a wand of mindburst (10)
 N - a wand of digging (16)
 R - a wand of light (3)
Scrolls
 f - a scroll of immolation {unknown}
 h - 2 scrolls of enchant armour {unknown}
 i - 3 scrolls of revelation {unknown}
 l - 4 scrolls of noise {unknown}
 r - 5 scrolls of teleportation {unknown}
 v - 3 scrolls of enchant weapon {unknown}
 y - 3 scrolls of amnesia {unknown}
 A - 2 scrolls of fog {unknown}
 C - 3 scrolls of vulnerability {unknown}
 H - a scroll of blinking {unknown}
 I - 2 scrolls of fear {unknown}
 P - a scroll of identify
Potions
 a - 2 potions of lignification {!q}
 d - 10 potions of curing {unknown}
 j - 3 potions of mutation {!q}
 n - 2 potions of resistance
 q - a potion of heal wounds
 s - a potion of invisibility
 t - 3 potions of enlightenment
 D - a potion of magic
 J - a potion of cancellation
 K - a potion of ambrosia


   Skills:
 + Level 8.3 Fighting
 + Level 7.5 Throwing
 + Level 8.3 Dodging
 - Level 10.0 Stealth
 * Level 13.5 Unarmed Combat
 + Level 7.3 Invocations
 * Level 10.2 Shapeshifting


You had 12 spell levels left.
You didn't know any spells.
Your spell library contained the following spells:

 Spells                   Type           Power      Damage    Failure   Level
 Slow                     Hex            0%         N/A       69%         1
 Confusing Touch          Hex            0%         N/A       91%         3
 Dazzling Flash           Conj/Hex       0%         N/A       91%         3
 Ozocubu's Armour         Ice            0%         N/A       91%         3
 Summon Guardian Golem    Hex/Summ       0%         N/A       91%         3
 Vampiric Draining        Necr           0%         2d6       91%         3
 Volatile Blastmotes      Fire/Tloc      0%         2d10      91%         3
 Metabolic Englaciation   Hex/Ice        0%         N/A       100%        5
 Simulacrum               Ice/Necr       0%         N/A       100%        6
 Starburst                Conj/Fire      0%         6d3       100%        6
 Orb of Destruction       Conj           0%         9d5       100%        7
 Ozocubu's Refrigeration  Ice            0%         4d7       100%        7
 Spellforged Servitor     Conj/Summ      0%         N/A       100%        7
 Maxwell's Capacitive Co  Air            0%         ∞         100%        8
 Polar Vortex             Ice            0%         N/A       100%        9


Dungeon Overview and Level Annotations

Branches:
Dungeon (11/15)            Temple (1/1) D:6            Lair (0/5) D:8
    Orc (2/2) D:11        Ossuary (visited)          Bailey (visited)
  IceCv (visited)
    Elf: Orc:2

Altars:
Ashenzari
Cheibriados
Dithmenos
Elyvilon
Fedhas
Gozag
Hepliaklqana
Kikubaaqudgha
Makhleb
Nemelex Xobeh
Okawaru
Qazlal
Ru
Sif Muna
Trog
Uskayaw
Vehumet
Wu Jian
Xom
Yredelemnul
Zin
The Shining One

Shops:
D:10 =

Annotations:
D:3 3 runed translucent doors, TobyConnect's ghost, amateur DsSh
D:9 1 runed translucent door, Snakez's ghost, novice TrSh
Orc:2 1 runed translucent door


Innate Abilities, Weirdness & Mutations

You have blades for main tentacles.
Your spellcasting is less reliable in this form.
You are incapable of wielding weapons or throwing items.
You cannot wear most types of armour.
You are amphibious.
You can wear up to eight rings at the same time.
Your skin changes colour to match your surroundings (Stealth+).
Your rubbery body absorbs attacks. (AC +1, EV +1)
((You are camouflaged when in or above water. (Stealth+)))
You have tentacles for arms and can constrict up to eight enemies at once.


Message History

Things that are here:
a +0 dagger; a +0 robe; an orc corpse You start resting.
Magic restored.
There is a stone staircase leading up, spattered with blood here.
You start resting.
HP restored.
You climb upwards.
The orc warrior hits you with a +2 battleaxe of flaming!!
The orc warrior burns you.
The orc warrior hits you with a +0 hand axe!
The two-headed ogre hits you with a +0 giant spiked club!!
The two-headed ogre hits you with a +0 giant club!!
* * * LOW HITPOINT WARNING * * *
The orc closely misses you.
There is a stone staircase leading down, spattered with blood here.
The two-headed ogre attacks as you move away!
The two-headed ogre closely misses you. The two-headed ogre misses you.
The orc warrior attacks as you move away!
The orc warrior hits you with a +0 hand axe!
* * * LOW HITPOINT WARNING * * *
The orc closely misses you.
The orc warrior attacks as you move away!
The orc warrior hits you with a +2 battleaxe of flaming!
* * * LOW HITPOINT WARNING * * *
The orc warrior burns you.
* * * LOW HITPOINT WARNING * * *
The orc wizard gestures wildly while chanting.
The orc wizard flickers and vanishes!
Deactivating autopickup; reactivate with Ctrl-A.
The orc attacks as you move away! The orc misses you.
The orc warrior hits you with a +0 hand axe.
* * * LOW HITPOINT WARNING * * *
You feel much better.
The orc warrior hits you with a +2 battleaxe of flaming!!
* * * LOW HITPOINT WARNING * * *
The orc warrior burns you.
* * * LOW HITPOINT WARNING * * *
The orc warrior hits you with a +0 hand axe!
You die...

#.........###.
............. ##
.#..........
##..
#$..........
#....#..........
#.....>.....#..#
#.....oO.......#
#.......oo#.....
##.......@# ....
#.....#.#.# O..
#.......#...#
##...... #...#
###.#.. ....#
####. #...# #.##
##


You could see a two-headed ogre, 2 orc warriors and an orc.

Vanquished Creatures
  A frost giant (IceCv)
  4 two-headed ogres
  4 death yaks (IceCv)
  An orc high priest (Orc:1)
  Nergalle (D:11)
  4 orc knights
  An orc sorcerer (Orc:1)
  2 manticores (D:11)
  An ugly thing (IceCv)
  Joseph (D:8)
  An ice statue (IceCv)
  A gargoyle (D:11)
  Psyche (D:11)
  2 kobold demonologists (Bailey)
  6 polar bears (IceCv)
  4 trolls
  Prince Ribbit (D:8)
  A hornet (D:7)
  Eustachio (D:5)
  A wraith (D:10)
  Sigmund (D:3)
  2 vampires (D:10)
  A shadow (D:9)
  A wyvern (D:10)
  24 yaks
  2 steam dragons
  3 vampire mosquitoes (D:11)
  2 wargs (D:8)
  An acid dragon (D:11)
  2 water moccasins
  18 orc warriors
  An ice beast (D:5)
  A sky beast (D:8)
  3 black bears
  6 ogres
  3 centaurs
  17 wolves (IceCv)
  A phantom (D:6)
  2 bullfrogs
  2 gnoll sergeants
  3 scorpions
  8 wights (D:9)
  A two-headed ogre simulacrum (Orc:1)
  An elephant simulacrum (Orc:1)
  6 howler monkeys
  4 electric eels (Bailey)
  10 orc priests
  4 hounds
  Crazy Yiuf (D:5)
  2 jellies
  A gnoll bouda (D:9)
  2 human zombies (Ossuary)
  Jessica (D:3)
  6 iguanas
  23 orc wizards
  4 troll simulacra (Orc:1)
  A polar bear simulacrum (Orc:1)
  2 mummies (Ossuary)
  21 gnolls
  A naga simulacrum (Orc:1)
  10 adders
  2 white imps
  3 ufetubi
  4 dart slugs
  82 orcs
  6 bats
  8 endoplasms
  3 giant cockroaches
  7 gnoll zombies (Ossuary)
  17 goblins
  15 hobgoblins
  2 quokkas
  6 ball pythons
  8 frilled lizards
  A goblin zombie (Ossuary)
  2 hobgoblin zombies (Ossuary)
  8 kobolds
  2 orc zombies (Ossuary)
  4 rats
  A spectral orc (D:9)
425 creatures vanquished.

Vanquished Creatures (others)
  An orc wizard (D:4)
1 creature vanquished.

Grand Total: 426 creatures vanquished

Notes
Turn   | Place    | Note
-------+----------+-------------------------------------------
     0 | D:1      | mopl the Octopode Shapeshifter began the quest for the Orb.
     0 | D:1      | Reached XP level 1. HP: 13/13 MP: 1/1
   140 | D:1      | Reached XP level 2. HP: 9/18 MP: 2/2
   747 | D:1      | Reached XP level 3. HP: 23/23 MP: 3/3
  1151 | D:2      | Identified the +0 robe of the Howling Gods {rElec rPois
                  | Regen+ Int-4}
  1309 | D:2      | Reached XP level 4. HP: 28/28 MP: 4/4
  1917 | D:3      | Noticed Sigmund
  1927 | D:3      | Killed Sigmund
  1928 | D:3      | Reached skill level 2 in Fighting
  1928 | D:3      | Reached skill level 2 in Stealth
  1928 | D:3      | Reached skill level 4 in Unarmed Combat
  1928 | D:3      | Reached skill level 4 in Shapeshifting
  1928 | D:3      | Reached XP level 5. HP: 26/34 MP: 5/5
  1928 | D:3      | Reached XP level 6. HP: 30/39 MP: 6/6
  2251 | D:3      | Found a runed translucent gate.
  2251 | D:3      | Identified the +1 scale mail of Larhosy {rPois Will- Dex+3}
  2252 | D:3      | Found a runed translucent gate.
  2253 | D:3      | Found a runed translucent gate.
  2253 | D:3      | Noticed TobyConnect's ghost (amateur DsSh)
  2301 | D:3      | Noticed Jessica
  2307 | D:3      | Killed Jessica
  2635 | D:3      | Found a shimmering blue altar of Sif Muna.
  2897 | D:4      | Reached skill level 3 in Dodging
  2932 | D:4      | Reached XP level 7. HP: 32/45 MP: 7/7
  3018 | D:4      | Found a blossoming altar of Fedhas.
  3216 | D:4      | Reached skill level 3 in Stealth
  3283 | D:4      | Reached skill level 5 in Unarmed Combat
  3451 | D:4      | Reached skill level 3 in Fighting
  3896 | D:4      | Reached skill level 1 in Throwing
  4199 | D:5      | Entered Level 5 of the Dungeon
  4228 | D:5      | Reached XP level 8. HP: 52/52 MP: 8/8
  4259 | D:5      | Reached skill level 5 in Shapeshifting
  4291 | D:5      | Reached skill level 4 in Stealth
  4369 | D:5      | Identified the ring "Warot" {Will+ Int+4}
  4376 | D:5      | Noticed Eustachio
  4384 | D:5      | Killed Eustachio
  4385 | D:5      | Reached skill level 2 in Throwing
  4385 | D:5      | Reached skill level 4 in Dodging
  4536 | D:5      | Reached skill level 6 in Unarmed Combat
  4621 | D:5      | Reached skill level 4 in Fighting
  4724 | D:5      | Found a runed translucent door.
  4724 | D:5      | Identified the +2 hammer of Gehenna {freeze, Str+3}
  4725 | D:5      | Noticed Crazy Yiuf
  4730 | D:5      | Killed Crazy Yiuf
  4934 | D:6      | Reached skill level 5 in Stealth
  4934 | D:6      | Reached XP level 9. HP: 28/58 MP: 9/9
  5000 | D:6      | Found a sand-covered staircase.
  5048 | Ossuary  | Entered an ossuary
  5364 | D:6      | Reached skill level 3 in Throwing
  5364 | D:6      | Reached skill level 6 in Shapeshifting
  5402 | D:6      | Found a staircase to the Ecumenical Temple.
  5421 | Temple   | Entered the Ecumenical Temple
  5431 | Temple   | Became a worshipper of Uskayaw the Reveller
  5540 | D:6      | Reached * piety under Uskayaw
  5607 | D:6      | Found a shadowy altar of Dithmenos.
  6114 | D:6      | Reached ** piety under Uskayaw
  6116 | D:6      | Reached *** piety under Uskayaw
  6117 | D:6      | Reached skill level 7 in Unarmed Combat
  6122 | D:6      | Reached skill level 1 in Invocations
  6125 | D:6      | Reached **** piety under Uskayaw
  6179 | D:7      | Noticed a hornet
  6195 | D:7      | Killed a hornet
  6292 | D:7      | Reached skill level 5 in Dodging
  6292 | D:7      | Reached skill level 6 in Stealth
  6430 | D:7      | Reached skill level 2 in Invocations
  6504 | D:7      | Found an iron altar of Okawaru.
  6711 | D:7      | You fall into a shaft and drop 2 floors!
  6730 | D:9      | Reached skill level 5 in Fighting
  6730 | D:9      | Reached XP level 10. HP: 53/66 MP: 11/11
  6788 | D:9      | Found a hazy altar of Hepliaklqana.
  6825 | D:9      | Found a flagged portal.
  6847 | D:9      | Reached ***** piety under Uskayaw
  6898 | Bailey   | Entered a bailey
  6964 | Bailey   | Reached skill level 4 in Throwing
  6970 | Bailey   | Noticed a kobold demonologist
  6973 | Bailey   | Noticed an orc knight
  6980 | Bailey   | Killed a kobold demonologist
  6984 | Bailey   | Killed an orc knight
  6985 | Bailey   | Reached skill level 8 in Unarmed Combat
  6985 | Bailey   | Reached skill level 7 in Shapeshifting
  6987 | Bailey   | Reached skill level 3 in Invocations
  7126 | Bailey   | Reached skill level 7 in Stealth
  7130 | Bailey   | Noticed an orc knight
  7140 | Bailey   | Killed an orc knight
  7255 | Bailey   | Noticed an orc knight
  7285 | Bailey   | Killed an orc knight
  7565 | Bailey   | Found an iron altar of Okawaru.
  7565 | Bailey   | Noticed a kobold demonologist
  7584 | Bailey   | Killed a kobold demonologist
  7791 | Bailey   | Identified the +5 ring mail "Ituetile" {rC+ Stlth+}
  7799 | Bailey   | Identified the +2 rapier of Dishonour {venom, rCorr Int+4}
  7834 | Bailey   | Reached skill level 6 in Fighting
  7834 | Bailey   | Reached skill level 5 in Throwing
  7834 | Bailey   | Reached skill level 6 in Dodging
  7834 | Bailey   | Reached skill level 9 in Unarmed Combat
  7834 | Bailey   | Reached skill level 5 in Invocations
  7834 | Bailey   | Reached skill level 8 in Shapeshifting
  7834 | Bailey   | Reached XP level 11. HP: 74/74 MP: 14/14
  7917 | D:9      | Acquired a manual of Unarmed Combat
  7919 | D:9      | Acquired 610 gold pieces
  8244 | D:9      | Found a glowing golden altar of the Shining One.
  8324 | D:9      | Noticed a two-headed ogre
  8332 | D:9      | Killed a two-headed ogre
  8333 | D:9      | Reached skill level 10 in Unarmed Combat
  8333 | D:9      | Reached XP level 12. HP: 46/80 MP: 14/15
  8487 | D:9      | Found a runed translucent door.
  8490 | D:9      | Noticed Snakez's ghost (novice TrSh)
  8775 | D:8      | Found a transporter.
  8776 | D:8      | Found a transporter.
  8835 | D:7      | Found a broken altar of Ashenzari.
  8835 | D:7      | Found a glowing silver altar of Zin.
  9126 | D:8      | Reached skill level 6 in Throwing
  9145 | D:8      | Found a staircase to the Lair.
  9210 | D:8      | Noticed Joseph
  9215 | D:8      | Killed Joseph
  9216 | D:8      | Reached skill level 7 in Dodging
  9216 | D:8      | Reached skill level 8 in Stealth
  9236 | D:8      | Found a transporter.
  9242 | D:8      | Found a transporter.
  9244 | D:8      | Noticed Prince Ribbit
  9258 | D:8      | Killed Prince Ribbit
  9259 | D:8      | Reached skill level 7 in Fighting
  9688 | D:8      | Found a transporter.
  9691 | D:8      | Found a transporter.
  9802 | D:10     | Entered Level 10 of the Dungeon
 10161 | D:10     | Noticed a two-headed ogre
 10218 | D:10     | Killed a two-headed ogre
 10259 | D:10     | Noticed a two-headed ogre
 10320 | D:10     | Killed a two-headed ogre
 10321 | D:10     | Reached skill level 11 in Unarmed Combat
 10566 | D:10     | Reached skill level 9 in Shapeshifting
 10569 | D:10     | Found Moni's Jewellery Emporium.
 10898 | D:11     | Noticed Nergalle
 10907 | D:11     | Killed Nergalle
 10963 | D:11     | Noticed Psyche
 10966 | D:11     | Found a staircase to the Orcish Mines.
 10969 | D:11     | Killed Psyche
 10970 | D:11     | Reached skill level 6 in Invocations
 11420 | D:11     | Identified the +7 sling "Tuocosil" {flame, rElec rC+ Int+3
                  | Dex+2}
 11457 | D:11     | Noticed a two-headed ogre
 11465 | D:11     | Killed a two-headed ogre
 11496 | D:11     | Reached skill level 9 in Stealth
 11914 | Orc:1    | Entered Level 1 of the Orcish Mines
 11914 | Orc:1    | Found a frozen archway.
 12028 | IceCv    | Entered an ice cave
 12210 | IceCv    | Reached skill level 12 in Unarmed Combat
 12352 | IceCv    | Reached XP level 13. HP: 87/87 MP: 17/17
 12597 | IceCv    | Reached skill level 7 in Throwing
 12739 | IceCv    | Reached skill level 8 in Fighting
 12739 | IceCv    | Reached skill level 8 in Dodging
 12856 | IceCv    | Noticed a frost giant
 12886 | IceCv    | Killed a frost giant
 13142 | IceCv    | Reached skill level 7 in Invocations
 13354 | IceCv    | Reached skill level 13 in Unarmed Combat
 13362 | IceCv    | Reached skill level 10 in Shapeshifting
 13788 | Orc:1    | Reached skill level 10 in Stealth
 13928 | Orc:2    | Entered Level 2 of the Orcish Mines
 13928 | Orc:2    | Found a burning altar of Makhleb.
 14192 | Orc:2    | Found a runed translucent door.
 14424 | Orc:2    | Reached ****** piety under Uskayaw
 14656 | Orc:1    | HP: 4/89 [orc warrior/+0 hand axe (4)]
 14657 | Orc:1    | Slain by an orc warrior

Illustrated notes

Levels and vault maps discovered:
D:1:      dpeg_chamrin_arrival_tetris, layout_loops_corners,
          nicolae_houndstooth_variations
D:2:      layout_basic, minmay_lizard_pond
D:3:      layout_basic, mainiacjoe_overflow_alcove_1,
          biasface_ghost_orc_armoury, uniq_sigmund, uniq_jessica
D:4:      layout_loops_corners, fedhas_altar_1
D:5:      minmay_inner_zag, layout_rooms, uniq_crazy_yiuf_cottage,
          uniq_eustachio
D:6:      layout_layer_cave, lemuel_crystal_altar, minmay_temple_entry_tees,
          nicolae_ossuary_entry_plus, grunt_tough_drop
D:7:      layout_rooms, kennysheep_okawaru_gauntlet,
          gammafunk_temple_overflow_elements, minmay_stone_trees_large
D:8:      layout_gridville, erik_lair_orcish_takeover,
          kennysheep_decorative_pillar, hex_large, serial_nicolae_subway,
          nicolae_sub_station_crystal, nicolae_sub_station_stone,
          nicolae_sub_station_metal, uniq_prince_ribbit1, uniq_joseph
D:9:      layout_loops_ring, nicolae_hepliaklqana_monster_ancestors,
          tso_oasis_becter, gammafunk_ghost_grave, enter_bailey_3,
          dreamdust_princess_bridge
D:10:     layout_roguey [special_room_orc], serial_shops, shop_coins
D:11:     layout_long_grid, david_orc_2, uniq_psyche, uniq_nergalle
Temple:   eino_temple_water
Orc:1:    layout_caves, portal_ice_cave_entry_ice_simulacra,
          gammafunk_ghost_smash
Orc:2:    st_orc_pillars, layout_diamond_mine, ebering_ghost_reflecting_pool,
          serial_shops, shop, bloody_makhleb

Skill      XL: |  1  2  3  4  5  6  7  8  9 10 11 12 13 |
---------------+----------------------------------------+-----
Fighting       | 2 3 4 5 6 7 8 |  8.3
Stealth        | 2 3 5 6 7 9 10 | 10.0
Unarmed Combat | 4 5 6 7 9 10 12 13 | 13.5
Shapeshifting  | 4 5 6 8 9 10 | 10.2
Dodging        | 3 4 5 6 7 8 |  8.3
Throwing       | 1 2 3 5 6 7 |  7.5
Invocations    | 2 5 6 7 |  7.3

Action                     |  1- 3 |  4- 6 |  7- 9 | 10-12 | 13-15 || total
---------------------------+-------+-------+-------+-------+-------++-------
  Melee: Unarmed           |    70 |    53 |   266 |   354 |   229 ||   972
         Tentacles         |    12 |     9 |    73 |    93 |    13 ||   200
         Constrict         |    14 |    11 |    59 |    68 |    47 ||   199
         Punch             |     2 |       |    15 |    25 |     7 ||    49
  Throw: Boomerang         |       |     7 |    18 |    17 |       ||    42
         Dart              |       |       |     2 |     4 |       ||     6
 Invoke: Grand Finale      |       |       |       |       |     2 ||     2
    Use: Scroll            |       |       |     6 |     5 |       ||    11
         Potion            |       |       |     3 |     1 |     1 ||     5
   Stab: Sleeping          |    12 |     8 |    16 |    25 |     3 ||    64
         Distracted        |     1 |       |     1 |     1 |     2 ||     5
         Paralysed         |       |       |     5 |    34 |    20 ||    59
 Armour: Skin              |     8 |       |    26 |     9 |    40 ||    83
  Dodge: Dodged            |    34 |    26 |   146 |   125 |   145 ||   476
  Block: Buckler           |       |       |    27 |    53 |       ||    80
   Form: Blade             |       |       |       |     2 |     1 ||     3
         Anaconda          |       |       |       |     1 |       ||     1
         Beast             |       |       |       |     1 |       ||     1

Table legend: (Time is in decaauts)
 A = Elapsed time spent in this place.
 B = Non-inter-level travel time spent in this place.
 C = Inter-level travel time spent in this place.
 D = Time resting spent in this place.
 E = Time spent auto-exploring this place.
 F = Levels seen in this place.
 G = Mean time per level.
                   A        B        C        D        E       F      G
               +--------+--------+--------+--------+--------+-----+--------+
         Total |  14532 |  14061 |    471 |   3971 |   6926 |  17 |  854.8 |
       Dungeon |  10671 |  10229 |    442 |   1941 |   6306 |  11 |  970.1 |
        Temple |     20 |     10 |     10 |      0 |      0 |   1 |   20.0 |
  Orcish Mines |    993 |    976 |     17 |    521 |    107 |   2 |  496.5 |
       Ossuary |    234 |    234 |      0 |     95 |     43 |   1 |  234.0 |
        Bailey |   1010 |   1010 |      0 |    493 |    239 |   1 | 1010.0 |
      Ice Cave |   1601 |   1601 |      0 |    921 |    231 |   1 | 1601.0 |
               +--------+--------+--------+--------+--------+-----+--------+

Top non-repeatable levels by time:
   IceCv: 1601 daAuts
     D:3: 1410 daAuts
     D:4: 1299 daAuts
    D:11: 1257 daAuts
     D:9: 1070 daAuts
     D:6: 1069 daAuts
     D:1: 1058 daAuts
  Bailey: 1010 daAuts
    D:10: 906 daAuts
     D:7: 777 daAuts
     D:8: 763 daAuts
   Orc:1: 683 daAuts
     D:5: 638 daAuts
     D:2: 419 daAuts
   Orc:2: 310 daAuts
